IL
COLUMBUS CLIPPERS @ RICHMOND BRAVES
07/09/1982
 
TOP OF THE 1ST
Columbus Clippers batting - Pitching for Richmond Braves : RHP Jay Smith
Pitching: RHP Jay Smith
Batting: SHB Curt Wilkerson 0-0: Ball
1-0: Ground out 1-3 (Groundball, 13S, EV 69.4 MPH)
Batting: RHB Javier Leyva 0-0: Ball
1-0: Swinging Strike
1-1: Swinging Strike
1-2: Ball
2-2: Foul Ball, location: 2F
2-2: Strikes out swinging
Batting: LHB Denny Porter 0-0: Called Strike
0-1: Ball
1-1: Called Strike
1-2: Ground out 4-3 (Groundball, 4, EV 88.1 MPH)
Top of the 1st over - 0 runs, 0 hits, 0 errors, 0 left on base; Columbus 0 - Richmond 0
BOTTOM OF THE 1ST
Richmond Braves batting - Pitching for Columbus Clippers : RHP Gene Nelson
Pitching: RHP Gene Nelson
Batting: RHB Dave Stegman 0-0: Called Strike
0-1: Foul Ball, location: 2F
0-2: Ball
1-2: Ball
2-2: Ball
3-2: Foul Ball, location: 2F
3-2: Base on Balls
Batting: RHB Mike Fuentes 0-0: Ball
1-0: Called Strike
1-1: Ball
2-1: Ball
3-1: Base on Balls
Dave Stegman to second
Batting: SHB Howard Johnson 0-0: Ball
1-0: Foul Ball, location: 2F
1-1: Swinging Strike
1-2: Foul Ball, location: 2F
1-2: Ball
2-2: SINGLE (Flyball, 8LS, EV 90.6 MPH)
Dave Stegman to third
Mike Fuentes to second
Runner from 3rd tries for Home, SAFE, throw by CF to home
Batting: LHB Chris Evans 0-0: Called Strike
0-1: Foul Ball, location: 2F
0-2: Ball
1-2: Fly out, F8 (Flyball, 78M, EV 96.9 MPH)
Batting: LHB Dan Rohn 0-0: Ball
1-0: Ball
2-0: Ball
3-0: Called Strike
3-1: Fly out, F4 (Popup, 3D, EV 68.8 MPH)
Batting: LHB Max Venable 0-0: Called Strike
0-1: Ball
1-1: Ball
2-1: Called Strike
2-2: 3-RUN HOME RUN (Flyball, 9D, EV 108.8 MPH), Distance : 364 ft
Batting: SHB Donnie Scott 0-0: Called Strike
0-1: Ground out 5-3 (Groundball, 56S, EV 75.0 MPH)
Bottom of the 1st over - 4 runs, 2 hits, 0 errors, 0 left on base; Columbus 0 - Richmond 4
TOP OF THE 2ND
Columbus Clippers batting - Pitching for Richmond Braves : RHP Jay Smith
Batting: LHB Barry Butera 0-0: Called Strike
0-1: SINGLE (Groundball, 56D, EV 94.4 MPH)
Batting: LHB Elijah Bonaparte 0-0: Called Strike
0-1: Ground out 4-3 (Groundball, 34, EV 79.4 MPH)
Barry Butera to second
Batting: LHB Gene Gentile 0-0: Called Strike
0-1: Foul Ball, location: 2F
0-2: Ball
1-2: Ball
2-2: Foul Ball, location: 2F
2-2: Strikes out swinging
Batting: LHB Jordan Medrano 0-0: Ball
1-0: Ball
2-0: Ball
3-0: Called Strike
3-1: Fly out, F9 (Flyball, 9D, EV 100.6 MPH)
Top of the 2nd over - 0 runs, 1 hit, 0 errors, 1 left on base; Columbus 0 - Richmond 4
BOTTOM OF THE 2ND
Richmond Braves batting - Pitching for Columbus Clippers : RHP Gene Nelson
Batting: RHB Mark Naehring 0-0: Ground out U3 (Groundball, 3L, EV 103.8 MPH)
Batting: RHB Marc Sullivan 0-0: Called Strike
0-1: Called Strike
0-2: Foul Ball, location: 2F
0-2: Ball
1-2: Fly out, F7 (Flyball, 78S, EV 88.1 MPH)
Batting: RHB Dave Stegman 0-0: Ball
1-0: Ball
2-0: Ball
3-0: Base on Balls
Batting: RHB Mike Fuentes 0-0: Swinging Strike
0-1: Ball
1-1: Ball
2-1: Ball
3-1: Ground out 4-3 (Groundball, 4, EV 103.1 MPH)
Bottom of the 2nd over - 0 runs, 0 hits, 0 errors, 1 left on base; Columbus 0 - Richmond 4
TOP OF THE 3RD
Columbus Clippers batting - Pitching for Richmond Braves : RHP Jay Smith
Batting: RHB Tracy Anderson 0-0: Ball
1-0: Ball
2-0: Ball
3-0: Called Strike
3-1: Base on Balls
Batting: RHB Alex Rodriguez 0-0: Called Strike
0-1: Ball
1-1: Ball
2-1: Called Strike
2-2: Foul Ball, location: 2F
2-2: Ball
3-2: Strikes out swinging
Batting: SHB Curt Wilkerson 0-0: Foul Ball, location: 2F
0-1: Grounds into double play, 6-4-3 (Groundball, 6, EV 101.9 MPH)
Top of the 3rd over - 0 runs, 0 hits, 0 errors, 0 left on base; Columbus 0 - Richmond 4
BOTTOM OF THE 3RD
Richmond Braves batting - Pitching for Columbus Clippers : RHP Gene Nelson
Batting: SHB Howard Johnson 0-0: Ball
1-0: Fly out, F7 (Line Drive, 7, EV 91.3 MPH)
Batting: LHB Chris Evans 0-0: Ball
1-0: Ball
2-0: Ball
3-0: Called Strike
3-1: Fly out, F9 (Flyball, 89S, EV 93.1 MPH)
Batting: LHB Dan Rohn 0-0: Ball
1-0: Called Strike
1-1: Ball
2-1: Ball
3-1: Base on Balls
Batting: LHB Max Venable 0-0: Called Strike
0-1: Ball
1-1: Swinging Strike
Dan Rohn steals 2nd base
1-2: Foul Ball, location: 2F
1-2: Foul Ball, location: 2F
1-2: Foul Ball, location: 2F
1-2: Ball
2-2: Foul Ball, location: 2F
2-2: Ball
3-2: Base on Balls
Batting: SHB Donnie Scott 0-0: Fielders Choice at 2nd, 6-4 (Groundball, 6, EV 96.9 MPH)
Bottom of the 3rd over - 0 runs, 0 hits, 0 errors, 2 left on base; Columbus 0 - Richmond 4
TOP OF THE 4TH
Columbus Clippers batting - Pitching for Richmond Braves : RHP Jay Smith
Batting: RHB Javier Leyva 0-0: Called Strike
0-1: Called Strike
0-2: SINGLE (Line Drive, 89S, EV 89.4 MPH)
Batting: LHB Denny Porter 0-0: Called Strike
0-1: Ball
1-1: Ball
2-1: Fly out, F7 (Flyball, 7LS, EV 72.5 MPH)
Batting: LHB Barry Butera 0-0: Fielders Choice at 2nd, 4-6 (Groundball, 34D, EV 108.1 MPH)
Batting: LHB Elijah Bonaparte 0-0: SINGLE (Line Drive, 89S, EV 105.0 MPH)
Barry Butera to second
Batting: LHB Gene Gentile 0-0: Ground out 3-1 (Groundball, 34S, EV 69.4 MPH)
Top of the 4th over - 0 runs, 2 hits, 0 errors, 2 left on base; Columbus 0 - Richmond 4
BOTTOM OF THE 4TH
Richmond Braves batting - Pitching for Columbus Clippers : RHP Gene Nelson
Batting: RHB Mark Naehring 0-0: Called Strike
0-1: Called Strike
0-2: Ball
1-2: Strikes out swinging
Batting: RHB Marc Sullivan 0-0: Ground out 6-3 (Groundball, 6, EV 80.0 MPH)
Batting: RHB Dave Stegman 0-0: Called Strike
0-1: Foul Ball, location: 2F
0-2: Ball
1-2: Ground out 5-3 (Groundball, 56S, EV 93.8 MPH)
Bottom of the 4th over - 0 runs, 0 hits, 0 errors, 0 left on base; Columbus 0 - Richmond 4
TOP OF THE 5TH
Columbus Clippers batting - Pitching for Richmond Braves : RHP Jay Smith
Batting: LHB Jordan Medrano 0-0: Ball
1-0: Called Strike
1-1: Ball
2-1: Foul Ball, location: 2F
2-2: Ball
3-2: Reached via error on a dropped throw from 1B, E1 (Groundball, 34, EV 79.4 MPH)
Batting: RHB Tracy Anderson 0-0: Called Strike
0-1: Foul Ball, location: 2F
0-2: Foul Ball, location: 2F
0-2: Ball
1-2: Fly out, F7 (Line Drive, 7D, EV 93.8 MPH)
Batting: RHB Alex Rodriguez 0-0: Foul Ball, location: 2F
0-1: Ground out 6-3 (Groundball, 6M, EV 83.8 MPH)
Jordan Medrano to second
Batting: SHB Curt Wilkerson 0-0: Called Strike
0-1: Called Strike
0-2: Foul Ball, location: 2F
0-2: Foul Ball, location: 2F
0-2: Ball
1-2: Ball
2-2: Strikes out looking
Top of the 5th over - 0 runs, 0 hits, 1 error, 1 left on base; Columbus 0 - Richmond 4
BOTTOM OF THE 5TH
Richmond Braves batting - Pitching for Columbus Clippers : RHP Gene Nelson
Batting: RHB Mike Fuentes 0-0: Ball
1-0: Ball
2-0: Ball
3-0: Base on Balls
Batting: SHB Howard Johnson 0-0: Ball
1-0: Foul Ball, location: 2F
1-1: Foul Ball, location: 2F
1-2: Foul Ball, location: 2F
1-2: Ball
2-2: Fielders Choice at 2nd, 4-6 (Groundball, 4D, EV 90.6 MPH)
Batting: LHB Chris Evans 0-0: Fly out, F8 (Flyball, 8LXD, EV 105.6 MPH)
Runner from 1st tags up, SAFE at 2nd
Batting: LHB Dan Rohn 0-0: Ball
1-0: Fly out, F8 (Flyball, 8LS, EV 84.4 MPH)
Bottom of the 5th over - 0 runs, 0 hits, 0 errors, 1 left on base; Columbus 0 - Richmond 4
TOP OF THE 6TH
Columbus Clippers batting - Pitching for Richmond Braves : RHP Jay Smith
Batting: RHB Javier Leyva 0-0: Ball
1-0: Fly out, F8 (Flyball, 89D, EV 80.0 MPH)
Batting: LHB Denny Porter 0-0: Ball
1-0: Ball
2-0: Ball
3-0: Called Strike
3-1: Ground out 3-1 (Groundball, 34S, EV 66.9 MPH)
Batting: LHB Barry Butera 0-0: Ball
1-0: Fly out, F4 (Popup, 4MD, EV 56.9 MPH)
Top of the 6th over - 0 runs, 0 hits, 0 errors, 0 left on base; Columbus 0 - Richmond 4
BOTTOM OF THE 6TH
Richmond Braves batting - Pitching for Columbus Clippers : RHP Gene Nelson
Batting: LHB Max Venable 0-0: Called Strike
0-1: Called Strike
0-2: Ball
1-2: Foul Ball, location: 2F
1-2: Ball
2-2: SINGLE (Groundball, 13S, EV 66.9 MPH) (infield hit)
Batting: SHB Donnie Scott 0-0: Ball
Pickoff Throw to First - Out! 1-3
1-0: Swinging Strike
1-1: SOLO HOME RUN (Flyball, 89XD, EV 97.5 MPH), Distance : 389 ft
Batting: RHB Mark Naehring 0-0: Ball
1-0: Swinging Strike
1-1: Foul Ball, location: 2F
1-2: Foul Ball, location: 2F
1-2: Ball
2-2: Ball
3-2: Base on Balls
Pitching: RHP Joe Cowley
Batting: RHB Marc Sullivan 0-0: Ball
1-0: Fielders Choice at 2nd, 5-4 (Groundball, 56, EV 106.3 MPH)
Batting: RHB Dave Stegman 0-0: Ball
1-0: Called Strike
1-1: Foul Ball, location: 2F
1-2: Foul Ball, location: 2F
1-2: Fielders Choice at 2nd, 6-4 (Groundball, 6, EV 89.4 MPH)
Bottom of the 6th over - 1 run, 2 hits, 0 errors, 1 left on base; Columbus 0 - Richmond 5
TOP OF THE 7TH
Columbus Clippers batting - Pitching for Richmond Braves : RHP Jay Smith
Batting: LHB Elijah Bonaparte 0-0: Ball
1-0: Ground out 4-3 (Groundball, 34, EV 82.5 MPH)
Batting: LHB Gene Gentile 0-0: SOLO HOME RUN (Flyball, 89XD, EV 91.9 MPH), Distance : 431 ft
Batting: LHB Jordan Medrano 0-0: Foul Ball, location: 2F
0-1: Ball
1-1: Ground out 4-3 (Groundball, 34, EV 105.6 MPH)
Batting: RHB Tracy Anderson 0-0: Called Strike
0-1: Ground out U3 (Groundball, 34, EV 92.5 MPH)
Top of the 7th over - 1 run, 1 hit, 0 errors, 0 left on base; Columbus 1 - Richmond 5
BOTTOM OF THE 7TH
Richmond Braves batting - Pitching for Columbus Clippers : RHP Joe Cowley
Batting: RHB Mike Fuentes 0-0: Ball
1-0: Ball
2-0: Called Strike
2-1: Ball
3-1: Base on Balls
Batting: SHB Howard Johnson 0-0: Swinging Strike
0-1: Ball
1-1: Ball
Mike Fuentes steals 2nd base
2-1: Ground out 3-1 (Groundball, 34, EV 93.1 MPH)
Mike Fuentes to third
Batting: LHB Chris Evans 0-0: Ball
1-0: Fly out, F8 (Line Drive, 8RD, EV 93.8 MPH)
Runner from 3rd tags up, SCORES, no throw by CF
Batting: LHB Dan Rohn 0-0: Swinging Strike
0-1: Ball
1-1: Foul Ball, location: 2F
1-2: Ball
2-2: Fly out, F7 (Flyball, 7, EV 88.1 MPH)
Bottom of the 7th over - 1 run, 0 hits, 0 errors, 0 left on base; Columbus 1 - Richmond 6
TOP OF THE 8TH
Columbus Clippers batting - Pitching for Richmond Braves : RHP Jay Smith
Batting: RHB Alex Rodriguez 0-0: Called Strike
0-1: Ball
1-1: Foul Ball, location: 2F
1-2: Ball
2-2: Ball
3-2: Ground out 4-3 (Groundball, 34, EV 105.0 MPH)
Batting: SHB Curt Wilkerson 0-0: Ball
1-0: Ground out 6-3 (Groundball, 6, EV 93.1 MPH)
Batting: RHB Javier Leyva 0-0: Foul Ball, location: 2F
0-1: SINGLE (Flyball, 89S, EV 92.5 MPH)
Batting: LHB Denny Porter 0-0: SINGLE (Groundball, 4D, EV 97.5 MPH)
Javier Leyva to second
Runner from 2nd tries for 3rd, SAFE, throw by RF made to third
Batting: LHB Barry Butera 0-0: Called Strike
0-1: Ground out U3 (Groundball, 34, EV 85.6 MPH)
Top of the 8th over - 0 runs, 2 hits, 0 errors, 2 left on base; Columbus 1 - Richmond 6
BOTTOM OF THE 8TH
Richmond Braves batting - Pitching for Columbus Clippers : RHP Joe Cowley
Batting: LHB Max Venable 0-0: Called Strike
0-1: Ball
1-1: Ball
2-1: Ball
3-1: Base on Balls
Batting: SHB Donnie Scott 0-0: Called Strike
0-1: Swinging Strike
0-2: Fly out, F9 (Flyball, 9LS, EV 90.0 MPH)
Batting: RHB Mark Naehring 0-0: Ball
1-0: Foul Ball, location: 2F
1-1: Ball
2-1: Foul Ball, location: 2F
2-2: Grounds into double play, 1-6-3 (Groundball, 13S, EV 76.3 MPH)
Bottom of the 8th over - 0 runs, 0 hits, 0 errors, 0 left on base; Columbus 1 - Richmond 6
TOP OF THE 9TH
Columbus Clippers batting - Pitching for Richmond Braves : RHP Jay Smith
Batting: LHB Elijah Bonaparte 0-0: Foul Ball, location: 2F
0-1: Ball
1-1: Reached on error, E6 (Groundball, 6M, EV 78.8 MPH)
Batting: LHB Gene Gentile 0-0: Called Strike
0-1: Swinging Strike
0-2: Ball
1-2: Strikes out swinging
Batting: LHB Jordan Medrano 0-0: Foul Ball, location: 2F
0-1: Grounds into double play, 4-6-3 (Groundball, 4, EV 80.6 MPH)
Top of the 9th over - 0 runs, 0 hits, 1 error, 0 left on base; Columbus 1 - Richmond 6
Thursday, August 13th, 2020 - OOTP Baseball 21.5 Build 76